 Dungeon Crawl Stone Soup version 0.25-a0-589-g1e14c549ee (webtiles) character file.

Game seed: 4068694516095786362, levelgen mode: deterministic

144 Kohma the Digger (level 5, -1/38 HPs)
             Began as a Draconian Earth Elementalist on Mar 10, 2020.
             Killed by divine providence
             ... invoked by an orc priest
              (8 damage)
             ... on level 4 of the Dungeon.
             The game lasted 00:07:52 (2773 turns).

Kohma the Digger (Draconian Earth Elementalist)     Turns: 2773, Time: 00:07:53

Health: -1/38      AC:  5    Str: 10    XL:     5   Next: 5%
Magic:  7/9        EV: 12    Int: 17    God:
Gold:   146        SH:  0    Dex: 11    Spells: 1/10 levels left

rFire    . . .     SeeInvis .   (no weapon)
rCold    . . .     Gourm    .   (no shield)
rNeg     . . .     Faith    .   (armour unavailable)
rPois    .         Spirit   .   (helmet restricted)
rElec    .         Reflect  .   (no cloak)
rCorr    .         Harm     .   (no gloves)
MR       .....                  (no boots)
Stlth    ++........             (no amulet)
HPRegen  0.12/turn              (no ring)
MPRegen  0.11/turn              (no ring)

@: lethally poisoned (-1 -> -15)
A: unfitting armour, cold-blooded, AC +5
a: no special abilities


You were on level 4 of the Dungeon.
You were not hungry.

You visited 1 branch of the dungeon, and saw 4 of its levels.

You collected 146 gold pieces.

Inventory:

Missiles
 b - 31 stones
 i - 8 javelins
 j - 18 sling bullets
 p - 5 silver javelins
 q - 20 poisoned darts (quivered)
Jewellery
 u - a cursed -5 ring of strength {unknown}
Scrolls
 g - a scroll of identify {unknown}
 h - 2 scrolls of enchant weapon {unknown}
 k - 2 scrolls of amnesia {unknown}
 l - a scroll of blinking {unknown}
 n - 4 scrolls of teleportation {unknown}
 o - a scroll of fog {unknown}
 s - a scroll of random uselessness {unknown}
 w - 2 scrolls of fear {unknown}
Potions
 a - 2 potions of curing {unknown}
 d - a potion of haste {unknown}
 e - a potion of magic {unknown}
 f - a potion of ambrosia {unknown}
 m - a potion of cancellation {unknown}
 r - a potion of might {unknown}
 v - a potion of degeneration {unknown}
Comestibles
 c - 8 rations


   Skills:
 - Level 2.0 Dodging
 - Level 1.7 Stealth
 + Level 0.7 Unarmed Combat
 - Level 3.0 Spellcasting
 * Level 1.3 Conjurations
 + Level 0.2 Hexes
 - Level 2.0 Transmutations
 * Level 4.2 Earth Magic


You had one spell level left.
You knew the following spells:

 Your Spells              Type           Power        Failure   Level  Hunger
a - Sandblast             Erth           ###...       3%          1    None
b - Passwall              Tmut/Erth      ##......     8%          2    ##.....
c - Stone Arrow           Conj/Erth      ##....       17%         3    ###....
d - Confusing Touch       Hex            #.......     43%         3    ###....

Your spell library contained the following spells:

 Spells                   Type           Power        Failure   Level  Hunger
 Corona                   Hex            #......      16%         1    None
 Ensorcelled Hibernation  Hex/Ice        #.....       26%         2    ##.....
 Dazzling Flash           Conj/Hex       #.....       36%         3    ###....
 Tukima's Dance           Hex            #.......     43%         3    ###....
 Petrify                  Tmut/Erth      ##......     43%         4    ####...
 Lee's Rapid Deconstruct  Erth           ###.......   65%         5    ######.


Dungeon Overview and Level Annotations

Branches:
Dungeon (4/15)
 Temple: D:4-7

Altars:
Uskayaw
Xom


Innate Abilities, Weirdness & Mutations

Your plain brown scales are hard. (AC +5)
You cannot fit into any form of body armour.
You are cold-blooded and may be slowed by cold attacks.


Message History

You are poisoned.
The worker ant poisons you!
The orc priest miscasts a cantrip.
Casting: Sandblast (safe; 3% risk of failure)
Confirm with . or Enter, or press ? or * to list all spells.
Aiming: Sandblast (safe; 3% risk of failure)
Press: ? - help, Shift-Dir - straight line, f/p - worker ant
Aim: a worker ant (moderately wounded)
The blast of sand hits the worker ant.
The worker ant is heavily wounded.
b - 31 stones You feel sick.
The worker ant bites you.
* * * LOW HITPOINT WARNING * * *
You are lethally poisoned!
The worker ant poisons you!
* * * LOW HITPOINT WARNING * * *
You feel sick.
The orc priest invokes the aid of Beogh against you.
Beogh smites you!
You die...

#.........# #.......#
#<....# ###...##
.###'## .# #.#
..##o####.# #.#
....oo.a..###.#######
#.##.###@.#.........#
# ##..#.....###.#
#.##.#.#....####.###
#...###..#.#........
####.#.#.###.###.###
##........#
####.##### #........
#########


You could see a worker ant, an orc priest and 2 orcs.

Vanquished Creatures
  Terence (D:3)
  3 gnolls (D:2)
  2 adders
  An ooze (D:2)
  A worm (D:2)
  3 leopard geckos
  9 bats
  2 giant cockroaches
  6 goblins
  6 hobgoblins
  3 jackals (D:2)
  4 ball pythons
  4 frilled lizards
  9 kobolds
  6 rats
60 creatures vanquished.

Notes
Turn   | Place    | Note
-------+----------+-------------------------------------------
     0 | D:1      | Kohma the Draconian Earth Elementalist began the quest for
                  | the Orb.
     0 | D:1      | Reached XP level 1. HP: 14/14 MP: 3/3
   241 | D:1      | Reached XP level 2. HP: 18/20 MP: 0/5
   252 | D:1      | Learned a level 2 spell: Passwall
   851 | D:1      | Reached XP level 3. HP: 26/26 MP: 4/6
  1117 | D:2      | Reached XP level 4. HP: 33/33 MP: 2/8
  1128 | D:2      | Learned a level 3 spell: Stone Arrow
  1324 | D:2      | Found a hide-covered altar of Uskayaw.
  1435 | D:2      | Noticed a +0 hand axe
  1435 | D:2      | Noticed a +0 dagger
  1492 | D:2      | Reached skill level 4 in Earth Magic
  1975 | D:3      | Found a shimmering altar of Xom.
  2183 | D:3      | Learned a level 3 spell: Confusing Touch
  2221 | D:3      | Noticed Terence
  2235 | D:3      | Killed Terence
  2235 | D:3      | Reached skill level 1 in Conjurations
  2235 | D:3      | Reached XP level 5. HP: 31/38 MP: 1/9
  2773 | D:4      | Killed from afar by an orc priest

Levels and vault maps discovered:
D:1:      grunt_arrival_lava_bath, layout_basic, minmay_misc_feat_more_columns,
          kennysheep_another_room
D:2:      layout_loops_ring, dancing_weapons_uskayaw, serial_rivers,
          chequers_serial_rivers_small_3, chequers_serial_rivers_micro_e,
          chequers_serial_rivers_small_3, chequers_serial_rivers_micro_a
D:3:      layout_basic, lemuel_doored_altar, first_ration, uniq_terence
D:4:      layout_loops_corners, minmay_temple_entry_butterflies,
          minmay_misc_feat_tiny, kennysheep_opposing_triangles

Skill      XL: |  1  2  3  4 |
---------------+-------------+-----
Dodging        | 2 |  2.0
Transmutations | 2 |  2.0
Spellcasting   | 3 |  3.0
Earth Magic    | 4 |  4.2
Conjurations   | 1 |  1.3
Stealth        | |  1.7
Unarmed Combat | |  0.7
Hexes          | |  0.2

Action                   |  1- 3 |  4- 6 || total
-------------------------+-------+-------++-------
Melee: Unarmed           |    16 |    29 ||    45
       Tailslap          |     1 |     3 ||     4
Throw: Dart              |       |    30 ||    30
 Cast: Sandblast         |    43 |    32 ||    75
       Stone Arrow       |       |     2 ||     2
 Stab: Sleeping          |       |     3 ||     3
  Eat: Chunk             |     1 |     5 ||     6
Armor: Skin              |    12 |    14 ||    26
Dodge: Dodged            |    31 |    22 ||    53

Table legend:
 A = Non-vault XP
 B = Vault XP
 C = Vault XP percentage of total XP
 D = Non-vault monster count
 E = Vault monster count
 F = Vault count percentage of total count
                 A         B        C        D         E       F
            +---------+---------+-------+---------+---------+-------
      Total |     168 |      38 |  18.4 |      59 |       1 |   1.7
            +---------+---------+-------+---------+---------+-------
        D:1 |      41 |       0 |   0.0 |      23 |       0 |   0.0
        D:2 |     100 |       0 |   0.0 |      27 |       0 |   0.0
        D:3 |      27 |      38 |  58.5 |       9 |       1 |  10.0
            +---------+---------+-------+---------+---------+-------
